[ AOE2 MATCH · #505972310 ]
UnrankedHuns vs Gurjaras
Player's team · LOSS
Rival team · WIN
[ REPLAY ANALYSIS · EXTRACTED FROM THE RECORDED GAME ]
Feudal
11:23
Castle
18:17
Imperial
42:13
| APM avg | 54.3 |
| APM peak | 106 |
| eAPM avg | 31.1 |
| Villagers / military | 228 / 471 |
Focus
⚔️ 42.2% · 🌾 57.8%
Scout Cavalry ×303 · Cavalry Archer ×149 · Trebuchet (Packed) ×7 · Archer ×6 · Knight ×2 · Spearman ×2
Feudal
8:56
Castle
22:27
Imperial
45:38
| APM avg | 58.1 |
| APM peak | 144 |
| eAPM avg | 39.1 |
| Villagers / military | 229 / 789 |
Focus
⚔️ 45.8% · 🌾 54.2%
Scout Cavalry ×770 · Trebuchet (Packed) ×11 · Skirmisher ×6 · Camel Scout ×2
Match map
Initial resources + every placement click. Lines = walls · curves = elevation contours. ◆ gold · ⬟ stone · ● berries · ✦ relic · ◌ wall gap
Your base· Open — opponent sealed themselves in
ivan.nieto.sec's base· ✓ Closed at 22:27 · 81t walls · no gate
Smoothed initial terrain · ◌ = detected wall gap · hover for details
Inputs per minute
— [OGL] antibiyotik - - ivan.nieto.sec
Build order — [OGL] antibiyotik
First 150 of 796 actions detected
| 0:00 | Queue | Villager (Male) |
| 0:00 | Queue | Villager (Male) |
| 0:01 | Queue | Villager (Male) |
| 0:19 | Queue | Villager (Male) |
| 0:19 | Queue | Villager (Male) |
| 1:43 | Queue | Villager (Male) |
| 1:43 | Queue | Villager (Male) |
| 1:45 | Queue | Villager (Male) |
| 1:45 | Queue | Villager (Male) |
| 2:12 | Build | Lumber Camp |
| 2:13 | Queue | Villager (Male) |
| 2:14 | Queue | Villager (Male) |
| 2:29 | Queue | Villager (Male) |
| 2:29 | Queue | Villager (Male) |
| 3:17 | Queue | Villager (Male) |
| 3:17 | Queue | Villager (Male) |
| 3:19 | Queue | Villager (Male) |
| 3:57 | Queue | Villager (Male) |
| 3:58 | Queue | Villager (Male) |
| 4:11 | Queue | Villager (Male) |
| 4:11 | Queue | Villager (Male) |
| 4:26 | Queue | Villager (Male) |
| 4:33 | Build | Mill |
| 5:19 | Queue | Villager (Male) |
| 5:20 | Queue | Villager (Male) |
| 5:44 | Queue | Villager (Male) |
| 7:08 | Queue | Villager (Male) |
| 7:09 | Queue | Villager (Male) |
| 7:29 | Queue | Villager (Male) |
| 8:01 | Build | Mining Camp |
| 8:13 | Build | Palisade Wall |
| 8:21 | Queue | Villager (Male) |
| 8:21 | Research | Loom |
| 8:43 | Research | Feudal Age |
| 9:02 | Build | Barracks |
| 9:17 | Build | Palisade Wall |
| 9:18 | Build | Palisade Wall |
| 9:19 | Build | Palisade Wall |
| 9:19 | Build | Palisade Wall |
| 9:47 | Build | Palisade Wall |
| 10:06 | Build | Palisade Wall |
| 10:45 | Build | Palisade Wall |
| 11:23 | Age | Feudal Age |
| 11:26 | Build | Archery Range |
| 11:29 | Build | Blacksmith |
| 11:35 | Queue | Villager (Male) |
| 11:35 | Queue | Villager (Male) |
| 11:37 | Queue | Villager (Male) |
| 12:06 | Queue | Spearman |
| 12:06 | Queue | Spearman |
| 12:12 | Queue | Archer |
| 12:12 | Queue | Archer |
| 12:26 | Research | Double-Bit Axe |
| 12:28 | Build | Farm |
| 12:28 | Build | Farm |
| 12:29 | Build | Farm |
| 12:40 | Build | Farm |
| 12:42 | Queue | Villager (Male) |
| 12:42 | Queue | Villager (Male) |
| 13:18 | Build | Mining Camp |
| 13:28 | Build | Farm |
| 13:39 | Build | Palisade Wall |
| 13:40 | Build | Palisade Wall |
| 13:43 | Build | Palisade Wall |
| 13:52 | Queue | Villager (Male) |
| 13:54 | Build | Farm |
| 13:57 | Build | Farm |
| 13:59 | Build | Farm |
| 14:30 | Queue | Villager (Male) |
| 14:38 | Build | Farm |
| 14:58 | Queue | Villager (Male) |
| 15:04 | Build | Farm |
| 15:37 | Research | Castle Age |
| 15:38 | Research | Castle Age |
| 15:49 | Build | Archery Range |
| 16:12 | Build | Palisade Wall |
| 16:13 | Build | Palisade Wall |
| 16:14 | Build | Palisade Wall |
| 16:40 | Research | Fletching |
| 16:46 | Build | Palisade Wall |
| 16:51 | Queue | Archer |
| 16:55 | Queue | Archer |
| 17:20 | Build | Stable |
| 17:59 | Queue | Villager (Male) |
| 18:00 | Queue | Villager (Male) |
| 18:04 | Research | Padded Archer Armor |
| 18:17 | Age | Castle Age |
| 18:22 | Build | Siege Workshop |
| 18:24 | Queue | Villager (Male) |
| 18:30 | Build | Palisade Wall |
| 18:36 | Queue | Knight |
| 18:36 | Queue | Knight |
| 18:40 | Build | Farm |
| 18:41 | Build | Farm |
| 18:56 | Queue | Mangonel |
| 19:12 | Queue | Cavalry Archer |
| 19:13 | Queue | Cavalry Archer |
| 19:34 | Build | Lumber Camp |
| 19:42 | Build | Farm |
| 19:43 | Queue | Cavalry Archer |
| 19:44 | Queue | Cavalry Archer |
| 20:03 | Build | Farm |
| 20:43 | Queue | Villager (Male) |
| 20:44 | Queue | Villager (Male) |
| 20:50 | Queue | Villager (Male) |
| 21:25 | Queue | Villager (Male) |
| 21:28 | Queue | Villager (Male) |
| 21:47 | Build | Town Center |
| 21:52 | Queue | Villager (Male) |
| 22:07 | Queue | Villager (Male) |
| 22:07 | Queue | Villager (Male) |
| 22:13 | Queue | Cavalry Archer |
| 22:20 | Queue | Villager (Male) |
| 22:20 | Queue | Villager (Male) |
| 22:27 | Build | Farm |
| 22:28 | Build | Farm |
| 22:29 | Build | Farm |
| 22:55 | Queue | Villager (Male) |
| 22:55 | Queue | Villager (Male) |
| 23:15 | Queue | Cavalry Archer |
| 23:15 | Queue | Cavalry Archer |
| 23:21 | Build | Town Center |
| 23:27 | Queue | Villager (Male) |
| 23:27 | Queue | Villager (Male) |
| 23:37 | Queue | Cavalry Archer |
| 23:44 | Queue | Villager (Male) |
| 23:44 | Queue | Villager (Male) |
| 23:55 | Build | Farm |
| 23:56 | Build | Farm |
| 23:57 | Queue | Villager (Male) |
| 23:57 | Queue | Villager (Male) |
| 24:11 | Build | Farm |
| 24:12 | Build | Farm |
| 24:14 | Build | Farm |
| 24:14 | Queue | Villager (Male) |
| 24:15 | Queue | Villager (Male) |
| 24:21 | Queue | Villager (Male) |
| 24:23 | Queue | Cavalry Archer |
| 24:34 | Queue | Cavalry Archer |
| 24:34 | Queue | Cavalry Archer |
| 24:35 | Queue | Villager (Male) |
| 24:35 | Queue | Villager (Male) |
| 24:52 | Queue | Cavalry Archer |
| 24:54 | Queue | Villager (Male) |
| 24:54 | Queue | Villager (Male) |
| 25:06 | Queue | Villager (Male) |
| 25:16 | Build | Farm |
| 25:17 | Build | Farm |
| 25:17 | Build | Farm |
| 25:17 | Build | Farm |
Build order — ivan.nieto.sec
First 150 of 1340 actions detected
| 0:00 | Queue | Villager (Male) |
| 0:00 | Queue | Villager (Male) |
| 0:01 | Queue | Villager (Male) |
| 0:02 | Build | House |
| 0:03 | Build | House |
| 0:13 | Queue | Villager (Male) |
| 0:38 | Build | Mill |
| 1:41 | Queue | Villager (Male) |
| 1:41 | Queue | Villager (Male) |
| 2:11 | Queue | Villager (Male) |
| 2:11 | Queue | Villager (Male) |
| 2:31 | Queue | Villager (Male) |
| 2:57 | Queue | Villager (Male) |
| 2:57 | Queue | Villager (Male) |
| 3:06 | Build | House |
| 3:08 | Build | Palisade Wall |
| 3:09 | Build | House |
| 3:10 | Build | Palisade Wall |
| 3:15 | Queue | Villager (Male) |
| 3:16 | Queue | Villager (Male) |
| 3:29 | Queue | Villager (Male) |
| 4:06 | Queue | Villager (Male) |
| 4:34 | Queue | Villager (Male) |
| 5:03 | Queue | Villager (Male) |
| 5:05 | Build | Lumber Camp |
| 5:26 | Queue | Villager (Male) |
| 5:48 | Queue | Villager (Male) |
| 5:49 | Research | Loom |
| 6:41 | Research | Feudal Age |
| 7:27 | Build | Barracks |
| 7:51 | Queue | Villager (Male) |
| 8:27 | Queue | Villager (Male) |
| 8:56 | Age | Feudal Age |
| 8:58 | Build | Stable |
| 9:00 | Research | Double-Bit Axe |
| 9:02 | Research | Horse Collar |
| 9:17 | Queue | Villager (Male) |
| 9:27 | Build | Farm |
| 9:28 | Build | Farm |
| 9:50 | Queue | Scout Cavalry |
| 9:51 | Queue | Scout Cavalry |
| 10:05 | Build | House |
| 10:10 | Queue | Villager (Male) |
| 10:13 | Build | Farm |
| 10:24 | Build | House |
| 10:26 | Queue | Scout Cavalry |
| 10:34 | Queue | Villager (Male) |
| 10:46 | Build | Watch Tower |
| 10:49 | Queue | Scout Cavalry |
| 10:52 | Build | Farm |
| 10:57 | Build | House |
| 10:58 | Build | House |
| 11:09 | Build | Mining Camp |
| 11:17 | Queue | Villager (Male) |
| 11:18 | Queue | Villager (Male) |
| 11:34 | Build | Palisade Wall |
| 11:38 | Build | Farm |
| 11:40 | Build | Farm |
| 11:43 | Queue | Villager (Male) |
| 12:08 | Queue | Villager (Male) |
| 12:09 | Queue | Villager (Male) |
| 12:10 | Build | Farm |
| 12:15 | Queue | Villager (Male) |
| 12:27 | Build | Palisade Wall |
| 12:30 | Build | Farm |
| 12:31 | Queue | Villager (Male) |
| 12:32 | Queue | Scout Cavalry |
| 12:32 | Queue | Scout Cavalry |
| 13:00 | Build | Palisade Wall |
| 13:01 | Build | Palisade Wall |
| 13:03 | Build | Palisade Wall |
| 13:04 | Build | Palisade Wall |
| 13:06 | Queue | Villager (Male) |
| 13:09 | Queue | Villager (Male) |
| 13:19 | Build | House |
| 13:22 | Build | Palisade Wall |
| 13:33 | Queue | Villager (Male) |
| 13:35 | Build | Farm |
| 13:43 | Build | House |
| 13:55 | Queue | Villager (Male) |
| 13:59 | Build | Farm |
| 14:22 | Queue | Villager (Male) |
| 14:28 | Build | Archery Range |
| 14:35 | Build | Palisade Wall |
| 14:39 | Build | Palisade Wall |
| 14:46 | Queue | Villager (Male) |
| 14:47 | Queue | Villager (Male) |
| 14:52 | Build | Farm |
| 15:01 | Build | House |
| 15:02 | Build | House |
| 15:12 | Queue | Skirmisher |
| 15:22 | Queue | Villager (Male) |
| 15:29 | Queue | Skirmisher |
| 15:33 | Queue | Villager (Male) |
| 15:39 | Build | Farm |
| 15:43 | Queue | Skirmisher |
| 15:52 | Queue | Villager (Male) |
| 16:01 | Build | Mining Camp |
| 16:07 | Queue | Villager (Male) |
| 16:09 | Queue | Skirmisher |
| 16:24 | Queue | Villager (Male) |
| 16:28 | Queue | Skirmisher |
| 16:41 | Build | Watch Tower |
| 16:45 | Queue | Villager (Male) |
| 16:50 | Queue | Skirmisher |
| 17:11 | Queue | Villager (Male) |
| 17:26 | Queue | Villager (Male) |
| 17:28 | Build | Farm |
| 17:38 | Build | Blacksmith |
| 17:47 | Build | Farm |
| 17:51 | Build | Farm |
| 18:02 | Build | Palisade Wall |
| 18:03 | Build | Palisade Wall |
| 18:04 | Build | Palisade Wall |
| 18:05 | Build | Palisade Wall |
| 18:05 | Queue | Villager (Male) |
| 18:18 | Queue | Villager (Male) |
| 18:23 | Research | Fletching |
| 18:23 | Research | Fletching |
| 18:45 | Build | Watch Tower |
| 18:52 | Queue | Villager (Male) |
| 18:56 | Build | Market |
| 19:16 | Queue | Villager (Male) |
| 19:28 | Build | Farm |
| 19:47 | Research | Castle Age |
| 19:50 | Build | House |
| 19:50 | Build | House |
| 19:59 | Build | Palisade Wall |
| 20:00 | Build | Palisade Wall |
| 20:31 | Build | Farm |
| 20:40 | Build | Mining Camp |
| 20:42 | Build | Lumber Camp |
| 20:50 | Build | Mining Camp |
| 21:05 | Research | Scale Barding Armor |
| 21:05 | Research | Scale Barding Armor |
| 21:19 | Build | Stable |
| 21:29 | Research | Bloodlines |
| 21:40 | Research | Gold Mining |
| 21:41 | Research | Stone Mining |
| 21:56 | Queue | Scout Cavalry |
| 22:05 | Build | Farm |
| 22:06 | Build | Farm |
| 22:09 | Build | Farm |
| 22:13 | Build | Farm |
| 22:16 | Queue | Scout Cavalry |
| 22:16 | Queue | Scout Cavalry |
| 22:22 | Queue | Villager (Male) |
| 22:27 | Age | Castle Age |
| 22:57 | Research | Light Cavalry (upgrade) |
| 23:08 | Build | Town Center |
Match timeline
| 3:08 | ivan.nieto.sec · wall_segment Palisade Wall x2 |
| 3:10 | ivan.nieto.sec · wall_segment Palisade Wall x3 |
| 7:27 | ivan.nieto.sec · first_building Barracks |
| 8:13 | [OGL] antibiyotik · wall_segment Palisade Wall x1 |
| 8:56 | ivan.nieto.sec · age_up feudal |
| 8:58 | ivan.nieto.sec · first_building Stable |
| 9:02 | [OGL] antibiyotik · first_building Barracks |
| 9:17 | [OGL] antibiyotik · wall_segment Palisade Wall x6 |
| 9:18 | [OGL] antibiyotik · wall_segment Palisade Wall x1 |
| 9:19 | [OGL] antibiyotik · wall_segment Palisade Wall x1 |
| 9:19 | [OGL] antibiyotik · wall_segment Palisade Wall x1 |
| 9:47 | [OGL] antibiyotik · wall_segment Palisade Wall x1 |
| 10:06 | [OGL] antibiyotik · wall_segment Palisade Wall x1 |
| 10:45 | [OGL] antibiyotik · wall_segment Palisade Wall x1 |
| 11:23 | [OGL] antibiyotik · age_up feudal |
| 11:26 | [OGL] antibiyotik · first_building Archery Range |
| 11:34 | ivan.nieto.sec · wall_segment Palisade Wall x13 |
| 12:27 | ivan.nieto.sec · wall_segment Palisade Wall x9 |
| 13:00 | ivan.nieto.sec · wall_segment Palisade Wall x2 |
| 13:01 | ivan.nieto.sec · wall_segment Palisade Wall x3 |
| 13:03 | ivan.nieto.sec · wall_segment Palisade Wall x2 |
| 13:04 | ivan.nieto.sec · wall_segment Palisade Wall x3 |
| 13:22 | ivan.nieto.sec · wall_segment Palisade Wall x13 |
| 13:39 | [OGL] antibiyotik · wall_segment Palisade Wall x1 |
| 13:40 | [OGL] antibiyotik · wall_segment Palisade Wall x1 |
| 13:43 | [OGL] antibiyotik · wall_segment Palisade Wall x1 |
| 14:28 | ivan.nieto.sec · first_building Archery Range |
| 14:35 | ivan.nieto.sec · wall_segment Palisade Wall x14 |
| 14:39 | ivan.nieto.sec · wall_segment Palisade Wall x8 |
| 16:12 | [OGL] antibiyotik · wall_segment Palisade Wall x1 |
| 16:13 | [OGL] antibiyotik · wall_segment Palisade Wall x1 |
| 16:14 | [OGL] antibiyotik · wall_segment Palisade Wall x1 |
| 16:46 | [OGL] antibiyotik · wall_segment Palisade Wall x3 |
| 17:20 | [OGL] antibiyotik · first_building Stable |
| 18:02 | ivan.nieto.sec · wall_segment Palisade Wall x2 |
| 18:03 | ivan.nieto.sec · wall_segment Palisade Wall x3 |
| 18:04 | ivan.nieto.sec · wall_segment Palisade Wall x3 |
| 18:05 | ivan.nieto.sec · wall_segment Palisade Wall x3 |
| 18:17 | [OGL] antibiyotik · age_up castle |
| 18:22 | [OGL] antibiyotik · first_building Siege Workshop |
| 18:30 | [OGL] antibiyotik · wall_segment Palisade Wall x1 |
| 19:45 | ivan.nieto.sec · first_market_sell 100 stone |
| 19:59 | ivan.nieto.sec · wall_segment Palisade Wall x2 |
| 20:00 | ivan.nieto.sec · wall_segment Palisade Wall x2 |
| 22:27 | ivan.nieto.sec · age_up castle |
| 23:42 | ivan.nieto.sec · first_market_buy 100 food |
| 28:23 | [OGL] antibiyotik · wall_segment Palisade Wall x1 |
| 28:23 | [OGL] antibiyotik · wall_segment Palisade Wall x1 |
| 32:21 | [OGL] antibiyotik · wall_segment Stone Wall x1 |
| 33:29 | [OGL] antibiyotik · wall_segment Stone Wall x1 |
| 35:19 | [OGL] antibiyotik · wall_segment Stone Wall x9 |
| 35:24 | [OGL] antibiyotik · wall_segment Stone Wall x28 |
| 35:27 | [OGL] antibiyotik · wall_segment Stone Wall x1 |
| 35:28 | [OGL] antibiyotik · wall_segment Stone Wall x1 |
| 36:04 | [OGL] antibiyotik · wall_segment Stone Wall x8 |
| 37:53 | [OGL] antibiyotik · wall_segment Stone Wall x6 |
| 38:04 | [OGL] antibiyotik · wall_segment Stone Wall x5 |
| 38:15 | ivan.nieto.sec · first_building Castle |
| 39:44 | [OGL] antibiyotik · wall_segment Stone Wall x3 |
| 41:28 | [OGL] antibiyotik · first_building Castle |
| 42:13 | [OGL] antibiyotik · age_up imperial |
| 42:13 | [OGL] antibiyotik · wall_segment Stone Wall x5 |
| 44:00 | [OGL] antibiyotik · first_market_sell 500 food |
| 45:38 | ivan.nieto.sec · age_up imperial |
| 45:42 | [OGL] antibiyotik · first_market_buy 100 wood |
| 49:36 | [OGL] antibiyotik · wall_segment Stone Wall x4 |
| 53:26 | [OGL] antibiyotik · wall_segment Stone Wall x9 |
| 54:11 | [OGL] antibiyotik · wall_segment Stone Wall x1 |
| 63:39 | [OGL] antibiyotik · first_building Monastery |
| 67:14 | ivan.nieto.sec · first_building Monastery |
| 67:45 | [OGL] antibiyotik · resign |
[ AI ANALYSIS · 1 CREDIT ]
What really happened in this match?
Wolo.gg analyzes every decision: build order, eco, micro, common mistakes by bracket. Personalized analysis on WhatsApp or Discord in 30 seconds.
Civ guide
Huns
Perfil
Jugador #5082984